Map: Abyssal Reef LE

Players

Hopt

  • Race: Terran Terran
  • League: Grandmaster
  • Spawn Location: 11:00

Railgan - Winner!

  • Race: Zerg Zerg
  • League: Grandmaster
  • Spawn Location: 5:00

VOD

Have the link to the VOD?

Description

Time

  • Played on: March 4, 2017, 4:20 p.m.
  • Length: 6:57
Show
View Real Time Build Order
Export as new Build Order

Hopt Terran 

Build Orders: Reaper Expand 

Get SALT Encoding   

  12  0:00  SCV  
  13  0:13  SCV  
  14  0:17  Supply Depot  
  14  0:25  SCV  
  15  0:38  SCV  
  15  0:40  Barracks  
  16  0:44  Refinery  
  16  0:50  SCV  
  17  1:02  SCV  
  18  1:17  SCV  
  19  1:27  Reaper  
  19  1:29  Orbital Command  
  20  1:42  Command Center  
  20  1:54  Barracks  
  20  1:56  SCV  
  20  2:01  Barracks Reactor  
  21  2:08  SCV  
  21  2:10  Supply Depot  
  22  2:17  Refinery  
  22  2:20  SCV  
  23  2:26  Factory  
  23  2:40  SCV  
  23  2:41  Marine x2  
  23  2:42  Barracks Tech Lab  
  26  2:52  SCV  
  27  3:01  Marine x2  
  27  3:02  Stimpack  
  27  3:03  Marine  
  30  3:06  SCV  
  30  3:12  Orbital Command  
  31  3:20  Cyclone  
  31  3:25  Marine x2  
  36  3:27  Marine  
  37  3:37  Starport  
  37  3:42  Marine  
  37  3:48  Marine  
  37  3:49  Marine  
  37  3:54  Supply Depot  
  39  3:56  Supply Depot  
  39  4:00  Marine  
  40  4:03  Cyclone  
  40  4:06  Marine  
  44  4:10  Marauder  
  46  4:19  Supply Depot  
  46  4:21  Medivac  
  48  4:25  Marine  
  48  4:26  Marine  
  50  4:35  Marine  
  49  4:41  Cyclone  
  49  4:44  Marine  
  45  4:59  Orbital Command  
  36  5:01  Marine  
  36  5:02  Marine  
  38  5:08  Viking  
  40  5:19  Marine  
  40  5:20  Marine  
  42  5:33  Cyclone  
  44  5:37  Marine  
  44  5:42  Medivac  
  46  5:54  Marine  
  35  6:00  Marine  
  32  6:05  SCV  
  33  6:12  Marine, Orbital Command  
  33  6:14  Cyclone  
  33  6:17  Marine  
  38  6:30  Marine  
  39  6:35  Marine  
  39  6:37  SCV  
  41  6:42  SCV  
Show
View Real Time Build Order
Export as new Build Order

Railgan Zerg - Winner!

Build Orders: Pool First 

Get SALT Encoding   

  12  0:01  Drone  
  13  0:12  Overlord  
  13  0:17  Drone  
  14  0:31  Drone x2  
  14  0:35  Drone  
  17  0:42  Extractor  
  16  0:48  Spawning Pool  
  15  0:50  Drone  
  15  0:56  Drone  
  17  1:07  Drone  
  18  1:20  Hatchery  
  18  1:25  Drone  
  18  1:32  Drone  
  19  1:40  Queen  
  19  1:42  Zergling x2  
  22  1:49  Metabolic Boost  
  22  2:00  Roach Warren  
  21  2:03  Drone  
  22  2:10  Overlord  
  22  2:18  Overlord  
  22  2:42  Roach x3  
  28  2:45  Roach x2  
  28  2:47  Roach  
  34  2:53  Roach  
  34  2:56  Zergling x2  
  36  3:00  Zergling x2  
  37  3:09  Overlord, Zergling x2  
  38  3:13  Zergling x2  
  38  3:19  Zergling x4  
  41  3:25  Zergling x2  
  42  3:29  Zergling x4  
  44  3:35  Zergling x4  
  44  3:39  Zergling x2  
  44  3:41  Ravager  
  47  3:44  Zergling x2  
  47  3:48  Ravager  
  49  3:49  Zergling x2  
  45  4:06  Zergling x2  
  45  4:07  Zergling x8  
  50  4:12  Zergling x2  
  51  4:20  Extractor, Ravager  
  51  4:42  Ravager  
  51  4:45  Overlord  
  51  4:51  Zergling x2  
  41  4:57  Zergling x10  
  41  4:58  Zergling x4  
  42  5:10  Ravager  
  42  5:11  Zergling x4  
  45  5:18  Zergling x8  
  49  5:27  Roach x2  
  50  5:46  Zergling x6  
  44  6:01  Zergling x8  
  46  6:05  Roach  
  46  6:06  Ravager  
  46  6:11  Zergling x2  
  49  6:13  Zergling x6  
  52  6:33  Ravager, Zergling x2  
  52  6:34  Zergling x6  
Tags
 
Add a new tag
Caveats
  • Supply blocks, unpowered buildings, or Contaminate may cause inaccurate times.
  • Supply counts are checked every 10 seconds.